 Dungeon Crawl Stone Soup version bcrawl-1.27.6 (webtiles) character file.

Game seed: 7663557768893160281

422955 DogServant the Thaumaturge (level 13, -5/84 HPs)
             Began as a Fairy Air Elementalist on Oct 13, 2020.
             Was an Elder of Sif Muna.
             Killed by an exploding ball lightning (37 damage)
             ... created by the player character
             ... on level 4 of the Lair of Beasts.
             The game lasted 01:00:21 (17462 turns).

DogServant the Thaumaturge (FrAE)                  Turns: 17462, Time: 01:00:22

Health: -5/84      AC: 10    Str:  6    XL:     13   Next: 99%
Magic:  31/41      EV: 25    Int: 22    God:    Sif Muna [****..]
Gold:   829        SH: 10    Dex: 15    Spells: 7/39 levels left

rFire    . . .     SeeInvis .   G - +1 whip (elec)
rCold    . . .     Gourm    .   (shield restricted)
rNeg     . . .     Faith    .   (armour unavailable)
rPois    .         Spirit   .   r - +1 hat
rElec    .         Reflect  +   L - +0 cloak (curse)
rCorr    .         Harm     .   v - +0 pair of gloves
MR       +....                  (no boots)
Stlth    +.........             C - +3 amulet of reflection (curse)
HPRegen  0.24/turn              B - ring of wizardry
MPRegen  0.27/turn              l - ring of magical power

@: flying evasively, very slightly contaminated
A: small, magic attunement, unstealthy, unfitting armour, wild magic 1, able to
fly, AC/SH +7
a: Stop Flying, Divine Energy, Channel Magic, Forget Spell, Renounce Religion


You were on level 4 of the Lair of Beasts.
You worshipped Sif Muna.
Sif Muna was greatly pleased with you.
You were hungry.

You visited 3 branches of the dungeon, and saw 17 of its levels.
You also visited: Ossuary and Bailey.

You collected 1200 gold pieces.
You spent 371 gold pieces at shops.

Inventory:

Hand Weapons
 G - a +1 whip of electrocution (weapon)
Armour
 r - a +1 hat (worn)
 u - a +0 buckler
 v - a +0 pair of gloves (worn)
 L - a cursed +0 cloak (worn)
Jewellery
 c - an uncursed ring of positive energy
 l - a ring of magical power (right hand)
 m - an uncursed ring of protection from cold
 n - an uncursed ring of poison resistance
 z - an uncursed amulet of regeneration
 B - a ring of wizardry (left hand)
 C - a cursed +3 amulet of reflection (around neck)
 N - an uncursed ring of protection from fire
Wands
 E - a wand of paralysis (18)
 J - a wand of iceblast (18)
 M - a wand of enslavement (12)
Scrolls
 f - 3 scrolls of fog
 p - a scroll of magic mapping
 s - 4 scrolls of remove curse
 y - 6 scrolls of enchant weapon
 D - 6 scrolls of enchant armour
 F - 4 scrolls of amnesia
 I - 4 scrolls of teleportation
 K - a scroll of identify
 P - a scroll of summoning
Potions
 a - 3 potions of agility
 b - 9 potions of flight
 d - 2 potions of invisibility
 g - 3 potions of lignification
 h - 4 potions of brilliance
 i - a potion of ambrosia
 j - 6 potions of heal wounds
 k - 7 potions of curing
 o - 2 potions of berserk rage
 q - a potion of resistance
 t - a potion of mutation
 w - a potion of experience {unknown}
 x - a potion of degeneration {unknown}
 A - 2 potions of haste
 H - a potion of might {unknown}
Comestibles
 e - 27 rations {!d}


   Skills:
 - Level 6.4 Fighting
 - Level 11.0 Dodging
 - Level 1.7 Stealth
 + Level 3.4 Shields
 + Level 13.8 Spellcasting
 + Level 11.8 Conjurations
 - Level 4.7 Hexes
 - Level 4.6 Charms
 - Level 7.6 Fire Magic
 + Level 12.4 Air Magic
 + Level 3.3 Invocations


You had 7 spell levels left.
You knew the following spells:

 Your Spells              Type           Power        Failure   Level  Hunger
a - Shock                 Conj/Air       #####        1%          1    None
b - Swiftness             Chrm/Air       ######..     1%          2    None
c - Static Discharge      Air            ######..     1%          3    None
d - Airstrike             Air            ######....   1%          4    None
e - Lightning Bolt        Conj/Air       ######....   1%          5    None
f - False Image           Hex/Summ       ####....     3%          3    None
g - Fireball              Conj/Fire      ######....   1%          5    None
h - Inner Flame           Hex/Fire       N/A          1%          3    None
i - Conjure Ball Lightni  Conj/Air       ######....   2%          6    None

Your spell library contained the following spells:

 Spells                   Type           Power        Failure   Level  Hunger
 Corona                   Hex            #####..      1%          1    None
 Infusion                 Chrm           #####...     1%          1    None
 Magic Dart               Conj           ####         1%          1    None
 Slow                     Hex            #####...     1%          1    None
 Sting                    Conj/Pois      ####         1%          1    None
 Searing Ray              Conj           ######..     1%          2    None
 Shackle                  Hex            #####...     1%          2    None
 Throw Frost              Conj/Ice       ######       1%          2    None
 Conjure Flame            Conj/Fire      ######..     1%          3    None
 Dazzling Orbs            Conj/Hex       ######.      1%          3    None
 Iskenderun's Mystic Bla  Conj           ######..     1%          3    None
 Tukima's Dance           Hex            #####...     1%          3    None
 Fulminant Prism          Conj/Hex       ######....   1%          4    None
 Apportation              Tloc           ###...       2%          1    None
 Blink Other              Tloc           ###...       2%          1    None
 Sandblast                Erth           ###...       2%          1    None
 Summon Butterflies       Summ           ###.....     2%          1    None
 Throw Icicle             Conj/Ice       ######..     2%          4    None
 Cause Fear               Hex            #####.....   4%          4    None
 Irradiate                Conj/Tmut      ######....   6%          5    None
 Bolt of Fire             Conj/Fire      ######....   7%          6    None
 Tree Form                Hex/Tmut       N/A          9%          4    None
 Yara's Violent Unravell  Hex/Tmut       ####......   9%          4    None
 Poison Arrow             Conj/Pois      ######....   28%         6    None
 Dispersal                Tloc           ###.......   94%         6    None
 Statue Form              Tmut/Erth      ###......    94%         6    None
 Dragon Form              Tmut           ###....      100%        7    None
 Chain Lightning          Conj/Air       ######....   63%         8    None
 Glaciate                 Conj/Ice/Air   ######....   98%         8    None
 Necromutation            Tmut/Necr      ###.....     100%        8    None
 Fire Storm               Conj/Fire      ######....   100%        9    None


Dungeon Overview and Level Annotations

Branches:
Dungeon (12/12)            Temple (1/1) D:6            Lair (4/6) D:7
  Swamp (0/3) Lair:3          Orc (0/1) D:11
  Snake: Lair:2-4    Spider: Lair:2-4    Vaults: D:11-12     Depths: D:12

Altars:
Ashenzari
Cheibriados
Dithmenos
Elyvilon
Fedhas
Gozag
Hepliaklqana
Kikubaaqudgha
Lugonu
Makhleb
Nemelex Xobeh
Okawaru
Qazlal
Ru
Sif Muna
Trog
Uskayaw
Vehumet
Wu Jian
Xom
Yredelemnul
Zin
The Shining One

Shops:
D:4 [   D:5 :((}   D:6 *(%*=   D:7 }

Portals:
Trove: D:11 (give 7 potions of haste)

Annotations:
D:2 Sigmund
D:4 2 transporters
D:5 1 runed door
D:11 exclusion: ugly thing


Innate Abilities, Weirdness & Mutations

Your spells do not cause hunger and MP costs are reduced by 1.
Your bright wings attract enemies. (Stealth-)
You cannot fit into any form of body armour.
Your shimmering scales are hard and can block incoming attacks. (AC +7, SH +7)
You are small and have problems with some larger weapons.
You can fly continuously.
Your spells are a little harder to cast, but a little more powerful.


Message History

The anaconda is moderately wounded.
The blast of lightning engulfs your ball lightning.
Your ball lightning completely resists.
Your ball lightning explodes!
The blast of lightning engulfs the anaconda!!
The anaconda is severely wounded.
The blast of lightning engulfs your ball lightning.
Your ball lightning completely resists.
Your ball lightning explodes!
The blast of lightning engulfs the anaconda!
The anaconda is almost dead.
The blast of lightning engulfs your ball lightning.
Your ball lightning completely resists.
The blast of lightning engulfs you!!
Your ball lightning explodes!
The blast of lightning engulfs the anaconda!!
You kill the anaconda!
Sif Muna accepts your kill. The blast of lightning engulfs you!!!
You die...

.............#P......♣..♣♣.#
..P......#.###.........♣.P.#
PP.......##.##.......P.....#
..##................(.......
............................
$...........................
.......†....................
.
..........................♣♣
.
...........@.............♣♣P
##
......P.##.####P†.......♣PPP
.P#####....## ###
###.........PP
.##..#.#...####PP
#...P.PPP...
##.........+...P...#
#...####♣P.. ÷.#....#...#
...P..###...# #P.♣♣P
†###.##....###<.... #....#
#...♣♣ ## #.###...# .....
#....###.....
.###..##...#♣#.#.#
###....#...###


There were no monsters in sight!

Vanquished Creatures
  An anaconda (Lair:4)
  4 hydras
  A centaur warrior (D:11)
  An alligator (Lair:3)
  2 death yaks (D:7)
  A queen ant (Lair:3)
  A skeletal warrior (D:10)
  A cyclops (D:11)
  3 orc knights (Bailey)
  An ugly thing (D:11)
  2 manticores
  A faun (shapeshifter) (D:10)
  A black mamba (Lair:2)
  A torpor snail (Lair:4)
  A gargoyle (D:11)
  2 rime drakes
  8 cane toads
  A centaur skeleton (D:11)
  A kobold demonologist (D:10)
  A komodo dragon (Lair:3)
  5 trolls
  A jumping spider (Lair:4)
  3 tyrant leeches
  A wolf spider simulacrum (D:11)
  A polar bear (Lair:2)
  Grinder (D:6)
  A hornet (Lair:4)
  3 hippogriffs
  6 blink frogs
  A meliai zombie (D:12)
  A spriggan (D:10)
  A redback (Lair:4)
  A shadow (D:11)
  29 yaks
  A wraith (D:11)
  2 basilisks
  A hungry ghost (D:11)
  5 swamp worms
  6 water moccasins
  20 soldier ants (Lair:3)
  5 crocodiles
  7 porcupines
  12 orc warriors
  4 sky beasts
  3 ice beasts
  5 ogres
  A necrophage (D:8)
  4 centaurs
  9 wolves (Lair:1)
  11 bullfrogs
  3 big kobolds
  10 scorpions
  A water moccasin skeleton (D:7)
  6 killer bees (D:8)
  7 wights
  6 howler monkeys
  4 crimson imps
  3 jellies
  4 centaur zombies
  4 hounds
  2 human zombies (Ossuary)
  4 orc priests
  5 orc wizards
  An iguana (D:4)
  Terence (D:3)
  24 worker ants
  4 big kobold zombies (Ossuary)
  A hound skeleton (D:5)
  4 mummies
  4 gnolls (D:6)
  2 worker ant zombies
  12 adders
  2 scorpion zombies (Ossuary)
  An ooze (D:5)
  3 adder skeletons
  5 dart slugs
  5 worms
  3 leopard geckos
  65 orcs
  6 giant cockroaches
  A gnoll zombie (Ossuary)
  14 goblins
  8 hobgoblins
  19 jackals
  6 quokkas
  4 ball pythons
  5 bats
  2 frilled lizards
  4 goblin zombies
  2 hobgoblin zombies
  A jackal skeleton (D:6)
  21 kobolds
  An orc zombie (Ossuary)
  10 rats
  A butterfly (Lair:1)
  3 fungi (Lair:3)
  3 plants
493 creatures vanquished.

Vanquished Creatures (collateral kills)
  2 skeletal warriors (D:10)
  A ball lightning (Lair:4)
3 creatures vanquished.

Vanquished Creatures (others)
  18 ball lightnings
  An orc (D:11)
  An orc zombie (Ossuary)
  4 fungi
  10 plants
34 creatures vanquished.

Grand Total: 530 creatures vanquished

Notes
Turn   | Place    | Note
-------+----------+-------------------------------------------
     0 | D:1      | DogServant the Fairy Air Elementalist began the quest for
                  | the Orb.
     0 | D:1      | Reached XP level 1. HP: 11/11 MP: 6/6
    68 | D:1      | Reached XP level 2. HP: 13/17 MP: 7/7
   159 | D:1      | Reached skill level 3 in Spellcasting
   337 | D:1      | Reached XP level 3. HP: 21/21 MP: 9/9
   869 | D:2      | Learned a level 2 spell: Swiftness
   873 | D:2      | Learned a level 3 spell: Static Discharge
   899 | D:2      | Reached XP level 4. HP: 27/27 MP: 11/11
  1109 | D:2      | Noticed Sigmund
  1187 | D:2      | HP: 1/27 [something/magic dart (6)]
  1486 | D:3      | Noticed Terence
  1489 | D:3      | Killed Terence
  1614 | D:3      | Learned a level 4 spell: Airstrike
  1636 | D:3      | Reached XP level 5. HP: 28/31 MP: 12/12
  1647 | D:3      | Found a faded altar of an unknown god.
  1805 | D:3      | Found a snail-covered altar of Cheibriados.
  1912 | D:3      | Found an opulent altar of Gozag.
  1943 | D:3      | Reached skill level 4 in Spellcasting
  1981 | D:3      | Reached skill level 5 in Air Magic
  2486 | D:4      | Reached XP level 6. HP: 22/36 MP: 14/14
  2684 | D:4      | Found a transporter.
  2719 | D:4      | Found Luylemid's Antique Armour Shoppe.
  2751 | D:4      | Found a hide-covered altar of Uskayaw.
  2785 | D:4      | Reached skill level 5 in Dodging
  2820 | D:4      | Found a transporter.
  2861 | D:4      | Reached skill level 5 in Spellcasting
  3183 | D:4      | Reached XP level 7. HP: 41/41 MP: 9/16
  3495 | D:5      | Entered Level 5 of the Dungeon
  3583 | D:5      | Found Nyur's Weapon Shop.
  3795 | D:5      | Found Muimegibu's Gadget Shoppe.
  3891 | D:5      | Found a shimmering altar of Xom.
  3926 | D:5      | Found Xok Yjarch's Book Emporium.
  4057 | D:5      | Learned a level 5 spell: Lightning Bolt
  4067 | D:5      | Noticed an angel
  4068 | D:5      | Found a glowing golden altar of the Shining One.
  4069 | D:5      | Found a runed door.
  4314 | D:5      | Found Qaetiz's Antique Weapon Shoppe.
  4331 | D:5      | Found an ornate altar of the Wu Jian Council.
  4348 | D:6      | Noticed Grinder
  4449 | D:6      | Killed Grinder
  4449 | D:6      | Reached skill level 6 in Spellcasting
  4449 | D:6      | Reached XP level 8. HP: 46/46 MP: 2/19
  4513 | D:6      | Found Wiyck's Jewellery Boutique.
  4543 | D:6      | Found Regek's General Store.
  4675 | D:6      | Reached skill level 7 in Spellcasting
  4700 | D:6      | Found Fahaolaxt's Food Emporium.
  4814 | D:6      | Found Timubeimy's Antique Weapon Shoppe.
  4917 | D:6      | Found a burning altar of Makhleb.
  4997 | D:6      | Found a sand-covered staircase.
  5001 | Ossuary  | Entered an ossuary
  5030 | Ossuary  | Reached XP level 9. HP: 51/51 MP: 22/22
  5043 | Ossuary  | Reached skill level 8 in Spellcasting
  5736 | D:6      | Found a staircase to the Ecumenical Temple.
  5746 | Temple   | Entered the Ecumenical Temple
  5946 | D:6      | Found Ihoat's General Store.
  5966 | D:7      | Noticed a death yak
  6122 | D:7      | Noticed a death yak
  6243 | D:7      | Noticed a troll
  6248 | D:7      | Killed a troll
  6248 | D:7      | Reached skill level 1 in Charms
  6312 | D:7      | Found Tann's Gadget Boutique.
  6607 | D:7      | Noticed a manticore
  6611 | D:7      | Killed a manticore
  6611 | D:7      | Reached skill level 10 in Dodging
  6613 | D:7      | Reached XP level 10. HP: 44/56 MP: 4/24
  6624 | D:7      | Reached skill level 10 in Air Magic
  6651 | D:7      | Found a shattered altar of Ashenzari.
  6901 | D:7      | Reached skill level 5 in Conjurations
  6977 | D:7      | Noticed a death yak
  7165 | D:7      | Found a staircase to the Lair.
  7188 | D:7      | Killed a death yak
  7211 | D:7      | Killed a death yak
  7471 | D:7      | Found a sparkling altar of Nemelex Xobeh.
  7474 | D:7      | Found a white marble altar of Elyvilon.
  7476 | D:7      | Found a shimmering altar of Xom.
  7592 | D:8      | Learned a level 3 spell: False Image
  7656 | D:8      | Reached skill level 1 in Fighting
  7656 | D:8      | Reached skill level 1 in Hexes
  8191 | D:8      | Found a glowing golden altar of the Shining One.
  8323 | D:8      | Found a basalt altar of Yredelemnul.
  8331 | D:8      | Found a shimmering blue altar of Sif Muna.
  8500 | D:8      | Became a worshipper of Sif Muna the Loreminder
  8662 | D:9      | Found a blossoming altar of Fedhas.
  8720 | D:9      | Found a hazy altar of Hepliaklqana.
  8888 | D:9      | Reached XP level 11. HP: 65/65 MP: 8/25
  8938 | D:9      | Noticed a five-headed hydra
  8945 | D:9      | Killed a five-headed hydra
  8945 | D:9      | Reached * piety under Sif Muna
  9069 | D:9      | Found a sacrificial altar of Ru.
  9797 | D:10     | Entered Level 10 of the Dungeon
  9799 | D:10     | Noticed a skeletal warrior
  9803 | D:10     | Noticed a skeletal warrior
  9804 | D:10     | Noticed a skeletal warrior
  9909 | D:10     | Noticed a soul eater
  9997 | D:10     | Reached ** piety under Sif Muna
 10121 | D:10     | Found a flagged portal.
 10128 | Bailey   | Entered a bailey
 10133 | Bailey   | Identified Sif Muna's Collected Works on the Volcanoes and
                  | the Voyage (Sif Muna gifted it to you in a bailey)
 10133 | Bailey   | Received a gift from Sif Muna
 10152 | Bailey   | Learned a level 5 spell: Fireball
 10156 | Bailey   | Learned a level 3 spell: Inner Flame
 10194 | Bailey   | Reached skill level 1 in Fire Magic
 10326 | Bailey   | Noticed an orc knight
 10328 | Bailey   | Noticed an orc knight
 10339 | Bailey   | Killed an orc knight
 10339 | Bailey   | Reached skill level 9 in Spellcasting
 10362 | Bailey   | Killed an orc knight
 10362 | Bailey   | Reached skill level 5 in Fighting
 10441 | Bailey   | Noticed an orc knight
 10445 | Bailey   | Noticed an orc knight
 10450 | Bailey   | Killed an orc knight
 10450 | Bailey   | Noticed an orc knight
 10581 | D:10     | Noticed a faun
 10588 | D:10     | Killed a faun
 10759 | D:10     | Found a white marble altar of Elyvilon.
 10945 | D:10     | Reached skill level 10 in Conjurations
 10945 | D:10     | Reached skill level 5 in Fire Magic
 10946 | D:10     | Reached XP level 12. HP: 75/77 MP: 12/27
 11160 | D:10     | Received a gift from Sif Muna
 11774 | D:6      | Bought an uncursed ring of magical power for 322 gold
                  | pieces
 11877 | D:11     | Found a staircase to the Orcish Mines.
 11893 | D:11     | Reached skill level 10 in Spellcasting
 12139 | D:11     | Reached *** piety under Sif Muna
 12204 | D:11     | Reached skill level 11 in Spellcasting
 12307 | D:11     | Noticed a centaur warrior
 12415 | D:11     | Killed a centaur warrior
 12468 | D:11     | Noticed a four-headed hydra
 12472 | D:11     | Killed a four-headed hydra
 12472 | D:11     | Reached skill level 12 in Spellcasting
 12579 | D:11     | Found a portal to a secret trove of treasure.
 12699 | D:12     | Entered Level 12 of the Dungeon
 12814 | Lair:1   | Entered Level 1 of the Lair of Beasts
 12822 | Lair:1   | Identified Sif Muna's Guide on Enchanting Battle Magic (Sif
                  | Muna gifted it to you on level 1 of the Lair of Beasts)
 12822 | Lair:1   | Received a gift from Sif Muna
 13026 | Lair:1   | Reached skill level 13 in Spellcasting
 13075 | Lair:1   | Noticed a five-headed hydra
 13081 | Lair:1   | Killed a five-headed hydra
 13196 | Lair:1   | Reached XP level 13. HP: 81/81 MP: 19/32
 14996 | Lair:3   | Identified Taovyt's Catalogue of Conjuration (Sif Muna
                  | gifted it to you on level 3 of the Lair of Beasts)
 14996 | Lair:3   | Received a gift from Sif Muna
 15041 | Lair:3   | Learned a level 6 spell: Conjure Ball Lightning
 15110 | Lair:3   | Reached **** piety under Sif Muna
 15623 | Lair:3   | Reached skill level 1 in Invocations
 16002 | D:6      | Bought a +0 buckler for 49 gold pieces
 16135 | Lair:3   | Reached skill level 1 in Shields
 16166 | Lair:3   | Found a staircase to the Swamp.
 17152 | Lair:4   | Identified Sif Muna's Collected Works on Attacks (Sif Muna
                  | gifted it to you on level 4 of the Lair of Beasts)
 17152 | Lair:4   | Received a gift from Sif Muna
 17301 | Lair:4   | Got a brightly glowing copper ring
 17303 | Lair:4   | Identified the ring "Fofuph" {Fire *Contam Dex+3 Stlth+}
                  | (You found it on level 4 of the Lair of Beasts)
 17324 | Lair:4   | Gained mutation: Your spells are a little harder to cast,
                  | but a little more powerful. [mutagenic glow]
 17462 | Lair:4   | Killed by an exploding ball lightning

Skill      XL: |  1  2  3  4  5  6  7  8  9 10 11 12 13 |
---------------+----------------------------------------+-----
Air Magic      | 4 5 6 7 8 9 10 12 | 12.4
Spellcasting   | 3 4 5 6 7 8 9 13 | 13.8
Conjurations   | 2 3 4 7 10 11 | 11.8
Dodging        | 3 4 5 6 8 10 11 | 11.0
Charms         | 2 4 |  4.6
Fighting       | 2 5 6 |  6.4
Hexes          | 2 4 |  4.7
Fire Magic     | 5 7 |  7.6
Invocations    | 3 |  3.3
Shields        | 3 |  3.4
Stealth        | |  1.7

Action                   |  1- 3 |  4- 6 |  7- 9 | 10-12 | 13-15 || total
-------------------------+-------+-------+-------+-------+-------++-------
Melee: Unarmed           |    15 |       |       |       |       ||    15
       Short sword       |       |    77 |    25 |    10 |       ||   112
       Whip              |       |       |       |   115 |    42 ||   157
 Cast: Shock             |    75 |   129 |   159 |   171 |   104 ||   638
       Swiftness         |       |     2 |     2 |     2 |     1 ||     7
       Airstrike         |       |    13 |    78 |    99 |    46 ||   236
       Static Discharge  |       |     3 |    13 |    49 |    29 ||    94
       Lightning Bolt    |       |       |     2 |   107 |   109 ||   218
       False Image       |       |       |       |    13 |     8 ||    21
       Conjure Ball Ligh |       |       |       |       |     9 ||     9
       Inner Flame       |       |       |       |       |     2 ||     2
       Fireball          |       |       |       |       |     1 ||     1
Invok: Divine Energy     |       |       |       |     1 |       ||     1
       Stop Divine Energ |       |       |       |     1 |       ||     1
  Use: Scroll            |       |     4 |    15 |     9 |     3 ||    31
       Potion            |       |       |       |     2 |     1 ||     3
  Eat: Chunk             |       |    10 |    13 |    20 |     8 ||    51
       Ration            |       |       |       |     4 |     2 ||     6
Armor: Skin              |     9 |    12 |    13 |    13 |     6 ||    53
Dodge: Dodged            |    29 |    90 |   106 |   218 |    71 ||   514
Block: Other             |     3 |    33 |    45 |   126 |    48 ||   255
       Reflection        |       |       |       |     4 |     1 ||     5
